AoeStats
← Caminante Blanco

African Clearing

504605861Analyzed
2v2 RM · 27d ago on Sep 5, 2026· 59m 56s· 4 players
Game mode
Random Map
Map size
Medium (4 player)
Population
200
Speed
Normal
Resources
Standard
Victory
Conquest
Starting age
Dark Age
Ending age
Imperial Age
RankedLock teamsTeams togetherTeam positionsShared explorationLock speedFull tech treeHidden civsTurbo modeCheats
Victory
Defeat
🇨🇱 Huns · Chile
1452
+15
🇦🇷 Goths · Argentina
1287
+23
🇨🇴 Huns · Colombia
1478
-21
🇨🇴 Khitans · Colombia
1385
-17
Camo
3:34 Loom
9:48 Loom
12:39 Feudal Age
13:13 Double-Bit Axe
13:20 Domestication
15:16 Forging
15:09 Town Watch
19:23 Wheelbarrow
28:20 Castle Age
27:47 Scale Barding Armor
28:30 Gold Mining
28:47 Light Cavalry
29:28 Husbandry
30:05 Iron Casting
29:47 Pastoralism
32:16 Hand Cart
32:47 Chain Barding Armor
32:58 Hand Cart
36:27 Stone Mining
42:45 Stone Shaft Mining
45:22 Imperial Age
43:22 Squires
43:08 Gambesons
42:44 Man-at-Arms
43:10 Arson
43:37 Scale Mail Armor
43:28 Fletching
46:44 Chain Mail Armor
46:02 Elite Liao Dao
48:09 Conscription
49:55 Plate Mail Armor
50:38 Ballistics
55:08 Chemistry
54:20 Masonry
55:12 Bodkin Arrow
56:34 Murder Holes
59:44 Bracer
59:46 Padded Archer Armor
Caminante Blanco
8:08 Loom
13:56 Feudal Age
17:28 Castle Age
16:24 Double-Bit Axe
17:36 Fletching
18:21 Bodkin Arrow
19:16 Ballistics
32:43 Scale Mail Armor
36:36 Scale Mail Armor
37:29 Man-at-Arms
39:03 Murder Holes
40:24 Long Swordsman
45:24 Imperial Age
44:12 Forging
pity
3:38 Loom
13:47 Feudal Age
14:58 Double-Bit Axe
18:52 Castle Age
17:10 Horse Collar
18:12 Forging
18:17 Scale Mail Armor
18:11 Stone Mining
20:28 Bow Saw
25:53 Squires
27:27 Gold Mining
28:23 Chain Mail Armor
30:35 Iron Casting
30:54 Wheelbarrow
30:24 Town Watch
30:37 Fletching
37:26 Imperial Age
35:57 Anarchy
36:17 Pikeman
37:36 Elite Huskarl
39:24 Blast Furnace
38:54 Conscription
39:07 Halberdier
39:55 Bodkin Arrow
41:56 Hand Cart
44:53 Town Patrol
46:55 Two-Man Saw
45:57 Heavy Plow
51:02 Man-at-Arms
55:55 Chemistry
CumanoBorracho92
9:30 Loom
11:48 Feudal Age
12:41 Double-Bit Axe
15:50 Scale Barding Armor
16:49 Bloodlines
16:52 Forging
26:44 Fletching
41:54 Horse Collar
47:00 Wheelbarrow
50:14 Castle Age
49:32 Stone Mining
52:04 Heavy Plow
52:18 Bow Saw
53:07 Hand Cart
57:19 Bodkin Arrow
59:11 Chain Barding Armor
59:26 Light Cavalry
60:06 Husbandry
Connection lost

Rejoining the realm…

Still unreachable

The connection could not be restored.

Session expired

The server has moved on; the page needs a fresh start.